 Dungeon Crawl Stone Soup version 0.28.0-47-ge53b351184 (webtiles) character file.

Game seed: 11961490145976060091

42 Iusername the Poker (level 3, 0/27 HPs)
             Began as a Merfolk Gladiator on May 5, 2022.
             Killed by divine providence
             ... invoked by an orc priest
              (17 damage)
             ... on level 3 of the Dungeon.
             The game lasted 00:02:58 (2169 turns).

Iusername the Poker (Merfolk Gladiator)             Turns: 2169, Time: 00:03:06

Health: 0/27       AC:  7    Str: 16    XL:     3   Next: 54%
Magic:  3/3        EV: 11    Int:  7    God:
Gold:   98         SH:  0    Dex: 15    Spells: 2/2 levels left

rFire   . . .      SeeInvis .   a - +0 trident
rCold   . . .      Faith    .   (no shield)
rNeg    . . .      Spirit   .   p - +0 scale mail
rPois   .          Reflect  .   c - +0 helmet
rElec   .          Harm     .   (no cloak)
rCorr   .          Rampage  .   (no gloves)
Will    .....                   (no boots)
Stlth   ..........              (no amulet)
HPRegen 0.09/turn               (no ring)
MPRegen 0.08/turn               (no ring)

@: no status effects
A: (nimble swimmer 2), mertail
a: no special abilities


You were on level 3 of the Dungeon.
You visited 1 branch of the dungeon, and saw 3 of its levels.

You collected 98 gold pieces.

Inventory:

Hand Weapons
 a - a +0 trident (weapon)
Missiles
 d - 3 throwing nets (quivered)
Armour
 c - a +0 helmet (worn)
 p - a +0 scale mail (worn)
Jewellery
 j - a ring of poison resistance
Wands
 l - a wand of digging (5)
Scrolls
 e - 2 scrolls of identify {unknown}
 f - a scroll of noise {unknown}
 g - a scroll of holy word {unknown}
 h - a scroll of fog {unknown}
 k - a scroll of vulnerability {unknown}
 o - a scroll of magic mapping {unknown}
Potions
 i - a potion of cancellation {unknown}
 m - a potion of attraction {unknown}
 n - a potion of curing {unknown}


   Skills:
 + Level 2.2 Fighting
 + Level 5.6 Polearms
 + Level 2.1 Throwing
 + Level 0.5 Armour
 + Level 4.5 Dodging
 + Level 0.4 Stealth


You had 2 spell levels left.
You didn't know any spells.
Your spell library was empty.

Dungeon Overview and Level Annotations

Branches:
Dungeon (3/15)

Altars:
Qazlal


Innate Abilities, Weirdness & Mutations

((You are very nimble when in or above water. (Stealth+, EV+, Speed+++)))
Your lower body shifts to a powerful aquatic tail in water.


Message History

No target in view!
No target in view!
No target in view!
A goblin comes into view. It is wielding a +0 dagger.
The goblin shouts!
Items here: $ ) [ †.
You reach to attack!
You puncture the goblin!
You kill the goblin!
No target in view!
No target in view!
No target in view!
No target in view!
No target in view!
No target in view!
No target in view!
No target in view!
No target in view!
An orc priest comes into view. It is wielding a +0 hand axe.
An orc priest is nearby!
The orc priest shouts!
An orc comes into view. It is wielding a +0 mace of protection.
The orc priest mumbles some strange prayers to Beogh against you.
Beogh smites you!
You reach to attack!
You hit the orc priest.
The orc priest is lightly wounded.
You reach to attack!
You barely miss the orc.
You reach to attack!
You puncture the orc priest!
The orc priest is heavily wounded.
You closely miss the orc priest.
The orc priest is heavily wounded.
The orc barely misses you.
The orc priest hits you but does no damage.
You barely miss the orc priest.
The orc priest is heavily wounded.
The orc barely misses you.
An orc comes into view. It is wielding a +0 short sword.
The orc priest mumbles some strange prayers to Beogh against you.
Beogh smites you!
Ouch! That really hurt!
You die...

### # #.o #.
#.. .#'##..
.......#######
#.
#.....oo.....#
. #.@)....#
#.......# ##
#.......# ..
#.......# #.
#...)...# .
#.......#
#.##.#### #
##....# #.#
### ##...#


You could see an orc priest and 2 orcs.

Vanquished Creatures
  2 dart slugs (D:2)
  An orc (D:3)
  4 bats (D:1)
  6 endoplasms
  A giant cockroach (D:1)
  4 goblins
  A hobgoblin (D:3)
  3 quokkas
  2 ball pythons (D:2)
  2 frilled lizards
  3 kobolds
  8 rats
37 creatures vanquished.

Notes
Turn   | Place    | Note
-------+----------+-------------------------------------------
     0 | D:1      | Iusername the Merfolk Gladiator began the quest for the
                  | Orb.
     0 | D:1      | Reached XP level 1. HP: 16/16 MP: 1/1
   638 | D:1      | Reached XP level 2. HP: 22/22 MP: 2/2
  1298 | D:2      | Reached skill level 5 in Polearms
  1337 | D:2      | Found a stormy altar of Qazlal.
  1344 | D:2      | Reached XP level 3. HP: 27/27 MP: 3/3
  2169 | D:3      | Killed from afar by an orc priest

Illustrated notes

Levels and vault maps discovered:
D:1:      psy_arrival_conway, layout_loops_ring, minmay_misc_feat_plants,
          chequers_garden
D:2:      mumra_celtic_spiral_tile, layout_basic, basic_altar
D:3:      layout_loops_cross, nicolae_overflow_hidden_temple,
          evilmike_ruin_ashenzari, grunt_ministairs_3

Skill      XL: |  1  2 |
---------------+-------+-----
Polearms       | 5 |  5.6
Fighting       | |  2.2
Throwing       | |  2.1
Armour         | |  0.5
Dodging        | |  4.5
Stealth        | |  0.4

Action                   || total
-------------------------++-------
Melee: Trident           ||    92
       Punch             ||     1
 Stab: Sleeping          ||     3
Armor: Leather armour    ||    13
       Scale mail        ||     3
Dodge: Dodged            ||    42
